 Dungeon Crawl Stone Soup version 0.31-a0-188-g5e087ee2ca (webtiles) character file.

Game seed: 5104961976961521458

557 qw the Skirmisher (level 7, -1/40 HPs)
             Began as a Deep Elf Hunter on June 23, 2023.
             Slain by a black bear (4 damage)
             ... on level 5 of the Dungeon.
             The game lasted 00:01:13 (3144 turns).

qw the Skirmisher (Deep Elf Hunter)                 Turns: 3144, Time: 00:01:14

Health: -1/40      AC:  6    Str: 10    XL:     7   Next: 9%
Magic:  9/9        EV: 11    Int: 14    God:
Gold:   332        SH:  0    Dex: 18    Spells: 6/6 levels left

rFire   . . .        Y - +1 shortbow (freeze)
rCold   . . .        (shield currently unavailable)
rNeg    . . .        e - +0 ring mail
rPois   .            (no helmet)
rElec   .            (no cloak)
rCorr   .            h - +0 pair of gloves
SInv    .            (no boots)
Will    .....        d - amulet of faith
Stlth   +            (no ring)
HPRegen 0.26/turn    (no ring)
MPRegen 0.11/turn

%: faith
@: no status effects
A: no striking features
a: no special abilities


You were on level 5 of the Dungeon.
You visited 1 branch of the dungeon, and saw 5 of its levels.

You collected 332 gold pieces.


   Skills:
 - Level 2.4 Fighting
 + Level 10.3 Ranged Weapons
 - Level 1.2 Armour
 - Level 3.0 Dodging
 - Level 1.2 Stealth


You had 6 spell levels left.
You didn't know any spells.
Your spell library was empty.

Inventory:

Hand Weapons
 Y - a +1 shortbow of freezing (weapon)
Armour
 e - a +0 ring mail (worn)
 h - a +0 pair of gloves (worn)
Jewellery
 d - an amulet of faith (around neck)
Scrolls
 f - a scroll of identify
 k - a scroll of teleportation {unknown}
Potions
 a - a potion of might
 b - a potion of degeneration {unknown}
 c - a potion of heal wounds {unknown}
 g - a potion of invisibility {unknown}
 i - 2 potions of curing {unknown}
 j - a potion of lignification {unknown}
 m - a potion of ambrosia {unknown}

Dungeon Overview and Level Annotations

Branches:
Dungeon (5/15)
 Temple: D:4-7

Altars:
Zin


Message History

You shoot an arrow. The arrow hits the black bear.
The arrow freezes the black bear.
The black bear is lightly wounded.
You shoot an arrow. The arrow barely misses the black bear.
You shoot an arrow. The arrow barely misses the black bear.
You shoot an arrow.
The arrow hits the black bear but does no damage.
The black bear is lightly wounded.
The black bear bites you but does no damage.
The black bear claws you.
The black bear claws you but does no damage.
You shoot an arrow. The arrow hits the black bear.
The arrow freezes the black bear.
The black bear is lightly wounded.
The black bear bites you but does no damage.
The black bear claws you.
The black bear claws you but does no damage.
You shoot an arrow. The arrow barely misses the black bear.
The black bear bites you. The black bear closely misses you.
The black bear claws you but does no damage.
You shoot an arrow. The arrow hits the black bear.
The arrow freezes the black bear.
The black bear is moderately wounded.
The black bear bites you but does no damage.
The black bear barely misses you. The black bear claws you.
You shoot an arrow. The arrow hits the black bear.
The arrow freezes the black bear.
The black bear is severely wounded.
The black bear goes berserk!
You shoot an arrow. The arrow hits the black bear.
The arrow freezes the black bear.
The black bear is almost dead.
The black bear bites you! The black bear barely misses you.
The black bear misses you.
You shoot an arrow. The arrow barely misses the black bear.
The black bear bites you! The black bear barely misses you.
The black bear claws you.
The black bear bites you but does no damage.
The black bear claws you.
You die...

###........
###.#........
#..#.........
##.#..........
#............. ....
#............. .....
#.............
.....######......)).....
......h@........).).....
.....................#..
...........)........##..
..........).......####..
####.....).........##..#
##....##....###....##
##...###..####....#
#...####...##....#
##...# ##........##


You could see a black bear (berserk).

Vanquished Creatures
  An ogre (D:5)
  A scorpion (D:4)
  A jelly (D:4)
  2 orc priests (D:5)
  A hound (D:5)
  Terence (D:3)
  Jessica (D:3)
  An iguana (D:4)
  5 gnolls
  5 adders
  A shadow imp (D:5)
  2 worms (D:4)
  2 dart slugs
  7 orcs
  3 ball pythons
  3 bats
  8 endoplasms
  4 giant cockroaches
  8 goblins
  7 hobgoblins
  6 jackals
  3 quokkas
  4 frilled lizards
  5 kobolds
  5 rats
87 creatures vanquished.

Vanquished Creatures (others)
  An orc wizard (D:5)
1 creature vanquished.

Grand Total: 88 creatures vanquished

Notes
Turn   | Place    | Note
-------+----------+-------------------------------------------
     0 | D:1      | qw the Deep Elf Hunter began the quest for the Orb.
     0 | D:1      | Reached XP level 1. HP: 12/12 MP: 3/3
     0 | D:1      | 0 ||| qw: Version: 0.3-a-9-g12657ce
     0 | D:1      | 0 ||| qw: Game counter: 3194
     0 | D:1      | 0 ||| qw: Always use a shield: true
     0 | D:1      | 0 ||| qw: God list: Okawaru
     0 | D:1      | 0 ||| qw: Allow faded altars: false
     0 | D:1      | 0 ||| qw: Do Orc after D:15 true
     0 | D:1      | 0 ||| qw: Do second Lair branch before Depths: true
     0 | D:1      | 0 ||| qw: Lair rune preference: random
     0 | D:1      | 0 ||| qw: Plans: Normal
     0 | D:1      | 0 ||| PLANNING D:1-11
    92 | D:1      | Reached skill level 6 in Ranged Weapons
    92 | D:1      | Reached XP level 2. HP: 16/16 MP: 4/4
   476 | D:1      | Reached XP level 3. HP: 19/20 MP: 5/5
   679 | D:1      | 679 ||| UPGRADING to +0 pair of gloves.
   684 | D:1      | 684 ||| READING scroll labelled TITWOQ LISOE.
   685 | D:1      | 685 ||| READING scroll labelled SEUCERREFYL.
   686 | D:1      | 686 ||| READING 2 scrolls labelled ADOTZI EPYNUSA.
   687 | D:1      | 687 ||| READING scroll labelled XEYKLISEXZU.
   688 | D:1      | 688 ||| DROPPING scroll of butterflies.
   807 | D:2      | Reached skill level 7 in Ranged Weapons
  1099 | D:2      | Reached XP level 4. HP: 25/25 MP: 6/6
  1163 | D:2      | 1163 ||| Stepping ~*~*~tactically~*~*~ (outnumbered).
  1172 | D:2      | Reached skill level 8 in Ranged Weapons
  1298 | D:2      | 1298 ||| UPGRADING to amulet of faith.
  1303 | D:2      | 1303 ||| READING scroll labelled SARCHAPT WOGHE.
  1304 | D:2      | 1304 ||| READING 2 scrolls of identify.
  1304 | D:2      | 1304 ||| IDENTIFYING bubbling emerald potion
  1305 | D:2      | 1305 ||| DROPPING potion of magic.
  1324 | D:3      | 1324 ||| STAIRDANCE
  1375 | D:3      | 1375 ||| STAIRDANCE
  1384 | D:2      | HP: 6/25 [poisoned by an adder]
  1389 | D:2      | HP: 2/25 [poisoned by an adder]
  1490 | D:3      | Noticed Jessica
  1491 | D:3      | Killed Jessica
  1492 | D:3      | Reached XP level 5. HP: 29/29 MP: 7/7
  1699 | D:3      | Found a glowing silver altar of Zin.
  1931 | D:3      | Noticed Terence
  1940 | D:3      | Killed Terence
  1941 | D:3      | Reached skill level 9 in Ranged Weapons
  2160 | D:3      | 2160 ||| UPGRADING to +0 ring mail.
  2170 | D:3      | 2170 ||| DROPPING +0 leather armour.
  2171 | D:3      | 2171 ||| READING scroll labelled KEAFEM JYIFAUF.
  2172 | D:3      | 2172 ||| READING 2 scrolls of identify.
  2172 | D:3      | 2172 ||| IDENTIFYING fizzy red potion
  2288 | D:4      | Reached XP level 6. HP: 29/36 MP: 8/8
  2330 | D:4      | Identified the +0 robe of Pucia {Int+2 Slay+2}
  2678 | D:4      | 2678 ||| DROPPING +0 robe of Pucia {Int+2 Slay+2}.
  2679 | D:4      | 2679 ||| READING scroll labelled DANOLA WOUW.
  2680 | D:4      | 2680 ||| DRINKING 2 coppery potions.
  2681 | D:4      | 2681 ||| DROPPING potion of brilliance.
  2711 | D:5      | Entered Level 5 of the Dungeon
  2720 | D:5      | Reached skill level 10 in Ranged Weapons
  2776 | D:5      | Reached skill level 3 in Dodging
  2776 | D:5      | HP: 8/36 [orc priest/+0 whip (2)]
  2781 | D:5      | HP: 4/36 [orc priest/+0 whip (1)]
  2785 | D:5      | Reached skill level 1 in Armour
  2785 | D:5      | Reached XP level 7. HP: 4/40 MP: 9/9
  3144 | D:5      | HP: 9/40 [black bear (8)]
  3144 | D:5      | HP: 3/40 [black bear (6)]
  3144 | D:5      | Slain by a black bear

Levels and vault maps discovered:
D:1:      lightli_arrival_boilingwater, layout_basic
D:2:      wad_pebble_path, layout_basic
D:3:      layout_loops_ring, mainiacjoe_overflow_concentric_impassable,
          uniq_terence, uniq_jessica
D:4:      layout_basic, minmay_box_of_dots
D:5:      layout_layer_cave, nicolae_overflow_hidden_temple

Skill      XL: |  1  2  3  4  5  6 |
---------------+-------------------+-----
Ranged Weapons | 6 7 8 9 10 | 10.3
Fighting       | 2 |  2.4
Dodging        | 3 |  3.0
Armour         | 1 |  1.2
Stealth        | |  1.2

Action                     |  1- 3 |  4- 6 |  7- 9 || total
---------------------------+-------+-------+-------++-------
   Fire: Shortbow          |    86 |   146 |    26 ||   258
    Use: Scroll            |     4 |     5 |       ||     9
         Potion            |       |     1 |       ||     1
 Armour: Leather armour    |     6 |     8 |       ||    14
         Ring mail         |       |    20 |    13 ||    33
  Dodge: Dodged            |    13 |    61 |    12 ||    86

Table legend:
 A = Non-vault XP
 B = Vault XP
 C = Vault XP percentage of total XP
 D = Non-vault monster count
 E = Vault monster count
 F = Vault count percentage of total count
                 A         B        C        D         E       F
            +---------+---------+-------+---------+---------+-------
      Total |     717 |      80 |  10.0 |      85 |       3 |   3.4
            +---------+---------+-------+---------+---------+-------
        D:1 |      54 |       0 |   0.0 |      23 |       0 |   0.0
        D:2 |     123 |       0 |   0.0 |      24 |       0 |   0.0
        D:3 |      48 |      75 |  61.0 |      12 |       2 |  14.3
        D:4 |     188 |       5 |   2.6 |      14 |       1 |   6.7
        D:5 |     304 |       0 |   0.0 |      12 |       0 |   0.0
            +---------+---------+-------+---------+---------+-------
